 Dungeon Crawl Stone Soup version 0.22-a0-419-g492bfec (webtiles) character file.

1384 KristoblXynda the Ruffian (level 8, -8/67 HPs)
             Began as a Troll Wizard on May 15, 2018.
             Was a Follower of Ashenzari.
             Mangled by an orc warrior
             ... wielding a +0 war axe
              (19 damage)
             ... on level 6 of the Dungeon.
             The game lasted 00:10:07 (6108 turns).

KristoblXynda the Ruffian (Troll Wizard)            Turns: 6108, Time: 00:10:08

Health: -8/67      AC:  5    Str: 16    XL:     8   Next: 40%
Magic:  19/19      EV:  9    Int: 16    God:    Ashenzari [*.....]
Gold:   202        SH:  0    Dex:  8    Spells: 7/11 levels left

rFire    . . .     SeeInvis .     - Unarmed
rCold    . . .     Gourm    +   (no shield)
rNeg     + . .     Faith    .   a - +0 robe
rPois    .         Spirit   .   b - +0 hat
rElec    .         Reflect  .   (no cloak)
rCorr    .         Harm     .   (gloves unavailable)
MR       .....                  (boots unavailable)
Stlth    +.........             (no amulet)
HPRegen  0.61/turn              c - ring of magical power (curse)
MPRegen  0.16/turn              l - ring of positive energy

@: no status effects
A: large, unfitting armour, claws 3, fast metabolism 3, gourmand, regeneration
1, shaggy fur 1, tough skin 2
a: Curse Item, Scrying, Renounce Religion


You were on level 6 of the Dungeon.
You worshipped Ashenzari.
Ashenzari was aware of your devotion.
You were full.

You visited 1 branch of the dungeon, and saw 6 of its levels.

You collected 202 gold pieces.

Inventory:

Missiles
 j - 2 throwing nets (quivered)
Armour
 a - a +0 robe (worn)
 b - a +0 hat (worn)
Jewellery
 c - a cursed ring of magical power (left claw)
 l - a ring of positive energy (right claw)
Wands
 f - a wand of acid (8)
 n - a wand of iceblast (8)
Scrolls
 e - 3 scrolls of blinking
 h - a scroll of remove curse
 m - a scroll of enchant armour {unknown}
Potions
 g - a potion of lignification
 i - a potion of curing {unknown}
 k - a potion of flight {unknown}
 o - a potion of haste {unknown}
Comestibles
 d - 10 rations


   Skills:
 - Level 1.5 Dodging
 - Level 1.0 Stealth
 * Level 7.2 Unarmed Combat
 - Level 2.0 Spellcasting
 * Level 5.5 Conjurations
   Level 0.6 Summonings
   Level 0.6 Translocations


You had 7 spell levels left.
You knew the following spells:

 Your Spells              Type           Power        Failure   Level  Hunger
a - Magic Dart            Conj           ###.         2%          1    #......
b - Mephitic Cloud        Conj/Pois/Air  #.......     28%         3    ###....

Your spell library contained the following spells:

 Spells                   Type           Power        Failure   Level  Hunger
 Conjure Flame            Conj/Fire      ##......     21%         3    ###....
 Slow                     Hex            #.......     30%         2    ###....
 Blink                    Tloc           N/A          24%         2    ###....
 Iskenderun's Mystic Bla  Conj           ###.....     22%         4    #####..
 Call Imp                 Summ           #.......     24%         2    ###....
 Fulminant Prism          Conj/Hex       ##........   54%         4    #####..
 Dazzling Spray           Conj/Hex       ##....       21%         3    ###....
 Force Lance              Conj/Tloc      ##......     52%         4    #####..
 Searing Ray              Conj           ###...       3%          2    ###....


Dungeon Overview and Level Annotations

Branches:
Dungeon (6/15)
 Temple: D:4-7

Altars:
Ashenzari
Dithmenos
Elyvilon
Fedhas
Gozag
Kikubaaqudgha
Okawaru
Qazlal
Uskayaw
Vehumet
Wu Jian
Xom


Innate Abilities, Weirdness & Mutations

You are too large for most types of armour.
You have claws for hands.
Your metabolism is lightning-fast.
You like to eat raw meat.
Your natural rate of healing is unusually fast.
You are covered in fur. (AC +1)
You have very tough skin. (AC +2)


Message History

The orc wizard hits you but does no damage.
You scratch the orc warrior but do no damage.
The orc warrior hits you with a war axe!!
The orc wizard hits you with a dagger.
You closely miss the orc warrior.
The orc warrior hits you with a war axe!
You barely miss the orc warrior.
The orc wizard gestures at you while chanting.
The magic dart hits you!
You scratch the orc warrior but do no damage.
The orc wizard barely misses you.
The orc warrior hits you with a war axe!!
* * * LOW HITPOINT WARNING * * *
The orc wizard gestures wildly while chanting.
The orc wizard blinks!
There is an open door here.
The orc wizard casts a spell.
The orc wizard seems to speed up.
The orc warrior hits you with a war axe!!
You die...

..# #.......# ...# ..#
#.......###+## ....#
..#
#.......#....##....#
..#
#.......#..........#
..#
#.......'o...o.....#
..#
#.......#...)......#
####
#...>...#..........#
...#
#....o..#######....#
...+ #...@...# ...#
...# #.......# ..#
...# #.......# .# ...#
#....(..# # ...#
#.......# ...+
#.......# ...#
#.......# ...#
#.......#
...##+#######.......##


You could see an orc warrior and an orc wizard.

Vanquished Creatures
  The ghost of 4thArraOfDagon the Firebug, an amateur HaWn of Hepliaklqana (D:4)
  A soldier ant (D:6)
  2 ice beasts (D:5)
  A sky beast (D:6)
  A centaur (D:3)
  A bullfrog (D:6)
  Blork the orc (D:6)
  A howler monkey (D:5)
  3 crimson imps
  3 orc priests
  An orc wizard (D:3)
  2 centaur skeletons
  Terence (D:2)
  Ijyb (D:4)
  2 worker ants
  2 hound zombies
  9 adders
  An adder skeleton (D:4)
  5 worms
  8 leopard geckos
  10 orcs
  6 giant cockroaches
  8 goblins
  4 hobgoblins
  13 jackals
  3 quokkas
  A ball python (D:3)
  7 bats
  4 frilled lizards
  3 kobolds
  7 rats
113 creatures vanquished.

Notes
Turn   | Place    | Note
-------+----------+-------------------------------------------
     0 | D:1      | KristoblXynda the Troll Wizard began the quest for the Orb.
     0 | D:1      | Reached XP level 1. HP: 16/16 MP: 2/2
     6 | D:1      | Noticed an anaconda
     6 | D:1      | Noticed an iguana
     6 | D:1      | Noticed a swamp worm
     6 | D:1      | Noticed a rime drake
    86 | D:1      | Reached skill level 1 in Conjurations
   165 | D:1      | Reached skill level 1 in Unarmed Combat
   194 | D:1      | Reached XP level 2. HP: 24/24 MP: 4/4
   555 | D:1      | Reached XP level 3. HP: 29/31 MP: 5/5
  1075 | D:2      | Reached skill level 2 in Unarmed Combat
  1217 | D:2      | Reached XP level 4. HP: 27/39 MP: 6/6
  1665 | D:2      | Reached skill level 3 in Unarmed Combat
  1843 | D:2      | Noticed Terence
  1857 | D:2      | Killed Terence
  1857 | D:2      | Reached XP level 5. HP: 24/45 MP: 3/7
  2036 | D:3      | Learned a level 3 spell: Mephitic Cloud
  2565 | D:3      | Found an iron altar of Okawaru.
  2565 | D:3      | Found a stormy altar of Qazlal.
  2566 | D:3      | Found a blossoming altar of Fedhas.
  2577 | D:3      | Found a shimmering altar of Xom.
  2580 | D:3      | Found a hide-covered altar of Uskayaw.
  2580 | D:3      | Found an ornate altar of the Wu Jian Council.
  2580 | D:3      | Found a white marble altar of Elyvilon.
  2589 | D:3      | Found a shattered altar of Ashenzari.
  2589 | D:3      | Found a radiant altar of Vehumet.
  2598 | D:3      | Became a worshipper of Ashenzari the Shackled
  2759 | D:3      | Noticed a centaur
  2771 | D:3      | Killed a centaur
  2771 | D:3      | Reached skill level 4 in Unarmed Combat
  2771 | D:3      | Reached XP level 6. HP: 26/53 MP: 8/8
  3505 | D:4      | Found a shadowy altar of Dithmenos.
  3511 | D:4      | Noticed 4thArraOfDagon's ghost (amateur HaWn)
  3686 | D:4      | Noticed Ijyb
  3691 | D:4      | Killed 4thArraOfDagon's ghost
  3691 | D:4      | Reached skill level 5 in Unarmed Combat
  3691 | D:4      | Reached XP level 7. HP: 59/59 MP: 9/9
  3701 | D:4      | Killed Ijyb
  4058 | D:4      | Reached * piety under Ashenzari
  4440 | D:5      | Entered Level 5 of the Dungeon
  4609 | D:5      | Reached skill level 6 in Unarmed Combat
  5278 | D:5      | Reached XP level 8. HP: 67/67 MP: 10/10
  5328 | D:5      | Found an opulent altar of Gozag.
  5749 | D:6      | Reached skill level 5 in Conjurations
  5797 | D:6      | Found an ancient bone altar of Kikubaaqudgha.
  5819 | D:6      | Reached skill level 7 in Unarmed Combat
  5988 | D:6      | Noticed Blork the orc
  6001 | D:6      | Killed Blork the orc
  6108 | D:6      | Mangled by an orc warrior

Vault maps used:
D:1:      onia_arrival_zoo_common
D:2:      uniq_terence
D:3:      minmay_wonky_spiral, grunt_temple_overflow_open,
          gammafunk_temple_overflow_forgotten
D:4:      overflow_temple_1_default, first_ration, uniq_ijyb
D:5:      kennysheep_mini_moat
D:6:      lemuel_doored_altar, uniq_blork_the_orc

Skill      XL: |  1  2  3  4  5  6  7  8 |
---------------+-------------------------+-----
Conjurations   | 1 2 3 4 5 |  5.5
Unarmed Combat | 1 2 3 4 5 6 7 |  7.2
Dodging        | |  1.5
Stealth        | |  1.0
Spellcasting   | |  2.0
Summonings     | |  0.6
Translocations | |  0.6

Action                   |  1- 3 |  4- 6 |  7- 9 || total
-------------------------+-------+-------+-------++-------
Melee: Unarmed           |   114 |   208 |   148 ||   470
 Cast: Magic Dart        |       |    12 |    23 ||    35
Invok: Curse Item        |       |     1 |       ||     1
  Use: Scroll            |       |     5 |     2 ||     7
       Potion            |       |     1 |     1 ||     2
 Stab: Sleeping          |     3 |     1 |     1 ||     5
  Eat: Chunk             |    16 |    21 |    11 ||    48
       Ration            |       |       |     3 ||     3
Armor: Robe              |    42 |    63 |    36 ||   141
       Skin              |       |     5 |     3 ||     8
Dodge: Dodged            |    37 |   101 |    38 ||   176

Table legend:
 A = Spawn XP
 B = Non-spawn XP
 C = Spawn XP percentage of total XP
 D = Spawn monster count
 E = Non-spawn monster count
 F = Spawn count percentage of total count
 G = Total turns spent on level
                    A         B        C        D         E        F      G
               +---------+---------+-------+---------+---------+-------+---------
         Total |       0 |    1978 |   0.0 |       0 |     113 |   0.0 |  6108
               +---------+---------+-------+---------+---------+-------+---------
           D:1 |       0 |      47 |   0.0 |       0 |      26 |   0.0 |  1047
           D:2 |       0 |     179 |   0.0 |       0 |      28 |   0.0 |   984
           D:3 |       0 |     281 |   0.0 |       0 |      25 |   0.0 |  1219
           D:4 |       0 |     422 |   0.0 |       0 |      11 |   0.0 |  1190
           D:5 |       0 |     507 |   0.0 |       0 |      13 |   0.0 |  1258
           D:6 |       0 |     542 |   0.0 |       0 |      10 |   0.0 |   410
               +---------+---------+-------+---------+---------+-------+---------
